 Dungeon Crawl Stone Soup version 0.25-a0-855-g681bda5bb4 (webtiles) character file.

Game seed: 10119473464564709166, levelgen mode: deterministic

21088 Chiseanne the Covert (level 12, -15/82 HPs)
             Began as an Octopode Wanderer on Apr 26, 2020.
             Was an Initiate of Gozag.
             Demolished by an ettin
             ... wielding a +0 dire flail
              (27 damage)
             ... on level 1 of the Orcish Mines.
             The game lasted 00:50:06 (16373 turns).

Chiseanne the Covert (Octopode Wanderer)           Turns: 16373, Time: 00:50:07

Health: -15/82     AC:  7    Str: 19    XL:     12   Next: 86%
Magic:  7/7        EV: 18    Int: 15    God:    Gozag
Gold:   1378       SH: 19    Dex: 15    Spells: 6/17 levels left

rFire    + . .     SeeInvis .   a - +7 hand axe (vamp)
rCold    . . .     Gourm    .   M - +2 tower shield {rPois}
rNeg     + . .     Faith    .   D - +2 hat
rPois    +         Spirit   .   (no amulet)
rElec    .         Reflect  .   i - ring of positive energy
rCorr    .         Harm     .   l - +3 ring of protection
MR       .....                  p - +3 ring of slaying
Stlth    +++++++...             v - ring of poison resistance
HPRegen  0.23/turn              C - ring of protection from fire
MPRegen  0.10/turn              F - ring "Haerrikh" {MP-9 Str+5 Int+2 Stlth-}
                                H - +1 ring of protection
                                A - ring of wizardry

@: no status effects
A: almost no armour, stealthy swim, amphibious, 8 rings, constrict 8, camouflage
1, gelatinous body 1
a: Potion Petition, Call Merchant, Bribe Branch, Renounce Religion


You were on level 1 of the Orcish Mines.
You worshipped Gozag.
Gozag was most pleased with you.
You were full.

You visited 3 branches of the dungeon, and saw 16 of its levels.
You also visited: Bailey.

You collected 3653 gold pieces.
You spent 1142 gold pieces at shops.
You paid 1133 gold pieces to Gozag.

Inventory:

Hand Weapons
 a - a +7 vampiric hand axe (weapon)
 d - the +3 Elemental Staff {rElec rF++ rC++ MR++ AC+5}
   (You found it in a bailey)

   It affects your AC (+5).
   It greatly protects you from fire.
   It greatly protects you from cold.
   It insulates you from electricity.
   It affects your resistance to hostile enchantments.
 s - a +3 vorpal war axe
 x - the +1 whip of Gozag {vorpal, MP+9}
   (You found it on level 13 of the Dungeon)

   It inflicts extra damage upon your enemies.
   It affects your magic capacity (+9).
Missiles
 b - 453 stones
 g - 62 poisoned darts (quivered)
 j - 215 bolts
 k - 95 sling bullets
 r - 40 boomerangs
 w - 5 curare-tipped darts
 E - 5 atropa-tipped darts
 P - 3 javelins
Armour
 D - a +2 hat (worn)
 M - a +2 tower shield of poison resistance (worn)
Jewellery
 i - a ring of positive energy (left tentacle)
 l - a +3 ring of protection (right tentacle)
 p - a +3 ring of slaying (on tentacle)
 v - a ring of poison resistance (on tentacle)
 A - a ring of wizardry (on tentacle)
 C - a ring of protection from fire (on tentacle)
 F - the ring "Haerrikh" (on tentacle) {MP-9 Str+5 Int+2 Stlth-}
   (You found it on level 9 of the Dungeon)

   [ring of attention]

   It affects your strength (+5).
   It affects your intelligence (+2).
   It affects your magic capacity (-9).
   It makes you less stealthy.
 H - a +1 ring of protection (on tentacle)
Wands
 O - a wand of digging (4)
Scrolls
 h - 4 scrolls of teleportation
 n - a scroll of fear
 q - a scroll of magic mapping
 u - 5 scrolls of remove curse
 G - 2 scrolls of immolation
 N - 3 scrolls of fog
Potions
 c - a potion of lignification {unknown}
 e - a potion of might
 o - a potion of brilliance
 t - 2 potions of cancellation
 y - 5 potions of curing
 z - a potion of haste
 B - a potion of heal wounds
 J - 4 potions of mutation
 K - a potion of flight
Miscellaneous
 I - a phial of floods (inert)
Comestibles
 f - 17 rations


   Skills:
 - Level 7.8 Fighting
 - Level 3.0 Axes
 - Level 10.9 Dodging
 - Level 14.4 Stealth
 * Level 10.7 Shields
 - Level 1.0 Unarmed Combat
 * Level 3.3 Spellcasting
 * Level 3.6 Conjurations
 * Level 4.4 Poison Magic
 - Level 1.1 Evocations


You had 6 spell levels left.
You knew the following spells:

 Your Spells              Type           Power        Failure   Level  Hunger
a - Shroud of Golubria    Chrm/Tloc      #.....       56%         2    ##.....
b - Ozocubu's Armour      Chrm/Ice       #.......     80%         3    ###....
c - Ignite Poison         Fire/Tmut/Pois #.......     58%         3    ###....
d - Mephitic Cloud        Conj/Pois/Air  ##......     43%         3    ###....

Your spell library contained the following spells:

 Spells                   Type           Power        Failure   Level  Hunger
 Sting                    Tmut/Pois      #...         21%         1    #......
 Poisonous Vapours        Pois/Air       #.....       28%         2    ##.....
 Animate Skeleton         Necr           N/A          43%         1    #......
 Infusion                 Chrm           #...         43%         1    #......
 Pain                     Necr           #...         43%         1    #......
 Summon Butterflies       Summ           #.......     43%         1    #......
 Song of Slaying          Chrm           #.......     56%         2    ##.....
 Olgreb's Toxic Radiance  Pois           ###.....     58%         4    #####..
 Call Canine Familiar     Summ           #.......     80%         3    ###....
 Spectral Weapon          Hex/Chrm       #.......     80%         3    ###....
 Vampiric Draining        Necr           #.........   80%         3    ###....
 Animate Dead             Necr           N/A          99%         4    #####..
 Summon Ice Beast         Ice/Summ       #.......     99%         4    #####..
 Agony                    Necr           #.......     100%        5    ######.
 Summon Mana Viper        Hex/Summ       #.......     100%        5    ######.
 Summon Hydra             Summ           #.........   100%        7    #######


Dungeon Overview and Level Annotations

Branches:
Dungeon (14/15)            Temple (1/1) D:6            Lair (0/6) D:11
    Orc (1/2) D:11         Bailey (visited)
 Vaults: D:13-14

Altars:
Ashenzari
Cheibriados
Dithmenos
Elyvilon
Fedhas
Gozag
Hepliaklqana
Kikubaaqudgha
Makhleb
Nemelex Xobeh
Okawaru
Qazlal
Ru
Sif Muna
Trog
Uskayaw
Vehumet
Wu Jian
Xom
Yredelemnul
Zin
The Shining One
Beogh

Shops:
D:4 }   D:8 =:   D:11 [*

Annotations:
D:11 exclusion: 2 oklob plants
D:12 exclusion: hydra
D:14 1 runed translucent door, Biutis's ghost, journeyman HONe


Innate Abilities, Weirdness & Mutations

You cannot wear most types of armour.
You are very stealthy in the water. (Stealth+)
You are amphibious.
You can wear up to eight rings at the same time.
You can use your tentacles to constrict eight enemies at once.
Your skin changes colour to match your surroundings (Stealth+).
Your rubbery body absorbs attacks. (AC +1, EV +1)


Message History

The ettin is almost dead.
The ettin barely misses you.
The ettin hits you with a +0 dire flail!
You hit the ettin. Your squeeze misses the ettin.
The ettin is almost dead.
The ettin closely misses you.
The ettin hits you with a +0 dire flail!!
* * * LOW HITPOINT WARNING * * *
Evoke which item? (* to show all) (? for menu, Esc to quit)
Aim the phial where?
Press: ? - help, Shift-Dir - straight line, f - ettin
Aim: an ettin, wielding two +0 dire flails (almost dead)
The torrent of water hits the ettin.
The ettin is almost dead.
The wave splashes down.
Floosh!
You hear a shout! x4
You block the ettin's attack.
The ettin hits you with a +0 dire flail!!
You die...
Your body crumbles into a pile of gold.

$ $ .. .#.. $ $ ...(. $
$ #..( ###
.##.$.#####..# ...
#.....≈≈≈#..8# .#.#.
.....≈C≈≈._.+ .....#
......≈≈@#..8# ....#
....#..≈)##..# ....#
#........##########..#
.....#...[)......#...#
.....##....)).......#
....................#
....................####
........................
........)>....#........


You could see an ettin.

Vanquished Creatures
  Snorg (D:10)
  An ettin (Orc:1)
  A hydra (D:11)
  A centaur warrior (D:13)
  2 ugly things
  An orc knight (D:11)
  2 orc sorcerers (Orc:1)
  2 deep elf magi
  A cyclops (D:13)
  A moth of wrath (D:8)
  A yaktaur (D:10)
  2 kobold demonologists (D:12)
  5 trolls
  A hornet (D:12)
  2 hogs (D:7)
  4 hippogriffs
  4 slime creatures
  A wraith (D:9)
  3 wyverns
  A vampire (D:12)
  17 yaks
  A steam dragon (D:12)
  A hungry ghost (D:12)
  A naga (Bailey)
  2 soldier ants
  14 orc warriors
  A black bear (D:8)
  A hornet zombie (D:8)
  2 ice beasts
  A phantom (D:9)
  A sky beast (D:11)
  A necrophage (D:6)
  7 ogres
  8 centaurs
  4 big kobolds
  6 bullfrogs
  2 scorpions
  A wyvern skeleton (D:11)
  9 killer bees (D:12)
  3 jellies
  4 wights (D:10)
  2 howler monkeys (D:10)
  4 crimson imps
  2 quasits
  6 hounds
  4 centaur skeletons
  6 iguanas
  2 bullfrog skeletons
  10 orc priests
  11 orc wizards
  17 worker ants
  2 hound skeletons
  A worker ant zombie (D:5)
  12 adders
  6 gnolls
  3 shadow imps
  An ooze (D:1)
  An adder zombie (D:6)
  3 adder skeletons
  2 worms (D:2)
  A dart slug (D:2)
  5 leopard geckos
  71 orcs
  A ball python (D:2)
  11 giant cockroaches
  10 goblins
  3 hobgoblins
  12 kobolds
  11 quokkas
  5 bats
  8 frilled lizards
  2 jackal skeletons (D:4)
  A jackal zombie (D:6)
  A quokka skeleton (D:4)
  6 rats
367 creatures vanquished.

Vanquished Creatures (collateral kills)
  3 orc warriors (Bailey)
  An orc (Bailey)
4 creatures vanquished.

Vanquished Creatures (others)
  A hog (D:7)
  A human (D:7)
  A quokka (D:8)
3 creatures vanquished.

Grand Total: 374 creatures vanquished

Notes
Turn   | Place    | Note
-------+----------+-------------------------------------------
     0 | D:1      | Chiseanne the Octopode Wanderer began the quest for the
                  | Orb.
     0 | D:1      | Chiseanne set off with the following items: a +2 hand axe,
                  | a +0 shortbow, 24 arrows, a potion of curing, a +0 dagger,
                  | a ration
     0 | D:1      | Reached XP level 1. HP: 14/14 MP: 1/1
    42 | D:1      | Reached skill level 3 in Stealth
   128 | D:1      | Reached XP level 2. HP: 17/19 MP: 2/2
   591 | D:1      | Reached XP level 3. HP: 24/24 MP: 3/3
   736 | D:2      | Found a faded altar of an unknown god.
   933 | D:2      | Reached skill level 4 in Stealth
  1473 | D:2      | Reached XP level 4. HP: 30/30 MP: 4/4
  1857 | D:2      | Found a radiant altar of Vehumet.
  1864 | D:2      | Found a shadowy altar of Dithmenos.
  1866 | D:2      | Found a snail-covered altar of Cheibriados.
  1869 | D:2      | Found a hazy altar of Hepliaklqana.
  1927 | D:3      | Noticed a bullfrog
  1943 | D:3      | Killed a bullfrog
  1943 | D:3      | Reached skill level 5 in Stealth
  1943 | D:3      | Reached XP level 5. HP: 25/36 MP: 5/5
  2794 | D:3      | Found a burning altar of Makhleb.
  3099 | D:4      | Reached XP level 6. HP: 38/42 MP: 6/6
  3102 | D:4      | Reached skill level 1 in Shields
  3344 | D:4      | Reached skill level 6 in Stealth
  3479 | D:4      | Found Belir's Gadget Shoppe.
  3908 | D:5      | Entered Level 5 of the Dungeon
  4058 | D:5      | Reached XP level 7. HP: 26/46 MP: 7/7
  4248 | D:5      | Found a burning altar of Makhleb.
  4631 | D:5      | Reached skill level 7 in Stealth
  4962 | D:6      | Found a staircase to the Ecumenical Temple.
  5053 | Temple   | Entered the Ecumenical Temple
  5214 | Temple   | Became a worshipper of Gozag Ym Sagoz the Greedy
  5274 | D:6      | Reached skill level 5 in Dodging
  5274 | D:6      | Reached XP level 8. HP: 54/54 MP: 8/8
  5519 | D:6      | Reached skill level 8 in Stealth
  5620 | D:6      | Found a shattered altar of Ashenzari.
  5840 | D:7      | Noticed a hippogriff
  5886 | D:7      | Killed a hippogriff
  6230 | D:7      | Noticed a yak
  6230 | D:7      | Noticed a yak
  6256 | D:7      | Killed a yak
  6265 | D:7      | Killed a hog
  6265 | D:7      | Reached skill level 9 in Stealth
  6296 | D:7      | Killed a yak
  6296 | D:7      | Reached skill level 5 in Shields
  6296 | D:7      | Reached XP level 9. HP: 60/60 MP: 9/9
  6563 | D:7      | Reached skill level 5 in Fighting
  7079 | D:8      | Found a burning altar of Makhleb.
  7406 | D:8      | Reached skill level 10 in Stealth
  7608 | D:8      | Noticed a two-headed ogre
  7623 | D:8      | Noticed a moth of wrath
  7623 | D:8      | a two-headed ogre changed into a moth of wrath
  7628 | D:8      | Killed a moth of wrath
  7812 | D:8      | Found Wuqitoas's Book Shop.
  8092 | D:8      | Found a sparkling altar of Nemelex Xobeh.
  8135 | D:8      | Bought a cursed ring of attention for 67 gold pieces
  8219 | D:9      | Found a flagged portal.
  8248 | Bailey   | Entered a bailey
  8265 | Bailey   | Reached skill level 11 in Stealth
  8265 | Bailey   | Reached XP level 10. HP: 51/68 MP: 10/10
  8571 | Bailey   | Found the +3 Elemental Staff {rElec rF++ rC++ MR++ AC+5}
  8643 | D:9      | Got a vibrating steel ring
  8692 | D:9      | Identified the ring "Haerrikh" {MP-9 Str+5 Int+2 Stlth-}
                  | (You found it on level 9 of the Dungeon)
  9351 | D:10     | Entered Level 10 of the Dungeon
  9660 | D:10     | Reached skill level 12 in Stealth
 10007 | D:10     | Found a runed translucent door.
 10062 | D:10     | Noticed Snorg
 10074 | D:10     | Killed Snorg
 10074 | D:10     | Reached XP level 11. HP: 43/74 MP: 2/11
 10649 | D:10     | Noticed an orc knight
 10658 | D:10     | an orc knight changed into a yaktaur
 10666 | D:10     | Reached skill level 13 in Stealth
 10734 | D:10     | Found a roughly hewn altar of Beogh.
 10903 | D:11     | Noticed an orc knight
 10904 | D:11     | Noticed a brown ugly thing
 10932 | D:11     | Killed a brown ugly thing
 10946 | D:11     | Killed an orc knight
 10998 | D:11     | Found Het Dud's Assorted Antiques.
 11010 | D:11     | Bought a scroll of identify for 74 gold pieces
 11010 | D:11     | Bought 2 orange potions for 66 gold pieces
 11010 | D:11     | Bought a scroll of identify for 74 gold pieces
 11010 | D:11     | Bought a scroll of teleportation for 111 gold pieces
 11010 | D:11     | Bought a scroll labeled MAOROHOESI for 37 gold pieces
 11010 | D:11     | Bought a potion of cancellation for 296 gold pieces
 11010 | D:11     | Bought a scroll of fog for 74 gold pieces
 11137 | D:11     | Found Yntuv's Armour Shoppe.
 11139 | D:11     | Found a staircase to the Orcish Mines.
 11162 | D:11     | Bought a +2 hat for 224 gold pieces
 11162 | D:11     | Bought a +0 tower shield of poison resistance for 119 gold
                  | pieces
 11300 | D:11     | Noticed an oklob plant
 11303 | D:11     | Noticed an oklob plant
 11399 | D:11     | Noticed a four-headed hydra
 11400 | D:11     | You fall into a shaft and drop 3 floors!
 11457 | D:14     | Found a runed translucent door.
 11457 | D:14     | Noticed Biutis's ghost (journeyman HONe)
 11532 | D:13     | Noticed a centaur warrior
 11718 | D:12     | Noticed a green ugly thing
 11725 | D:12     | Killed a green ugly thing
 11725 | D:12     | Reached skill level 10 in Dodging
 11938 | D:12     | Noticed a deep elf mage
 11952 | D:12     | Reached skill level 14 in Stealth
 11961 | D:12     | Killed a deep elf mage
 11979 | D:12     | Paralysed by a hornet for 2 turns
 12365 | D:11     | Reached XP level 12. HP: 61/81 MP: 3/12
 12665 | D:11     | Found a staircase to the Lair.
 12866 | D:11     | Killed a four-headed hydra
 12993 | D:11     | Reached skill level 10 in Shields
 13351 | D:11     | Learned a level 2 spell: Shroud of Golubria
 13355 | D:11     | Learned a level 3 spell: Ignite Poison
 13359 | D:11     | Learned a level 3 spell: Mephitic Cloud
 13363 | D:11     | Learned a level 3 spell: Ozocubu's Armour
 13681 | D:12     | Reached skill level 1 in Poison Magic
 13690 | D:12     | Reached skill level 1 in Conjurations
 13695 | D:12     | Reached skill level 1 in Spellcasting
 13885 | D:12     | Noticed a five-headed hydra
 13973 | D:13     | Killed a centaur warrior
 13994 | D:13     | Got an encrusted whip
 13995 | D:13     | Identified the +1 whip of Gozag {vorpal, MP+9} (You found
                  | it on level 13 of the Dungeon)
 14586 | D:13     | Noticed a six-headed hydra
 15353 | D:13     | Found a shattered altar of Ashenzari.
 15968 | Orc:1    | Entered Level 1 of the Orcish Mines
 15982 | Orc:1    | Noticed an ettin
 15991 | Orc:1    | Killed an ettin
 16359 | Orc:1    | Found a shimmering blue altar of Sif Muna.
 16361 | Orc:1    | Noticed an ettin
 16373 | Orc:1    | Demolished by an ettin

Levels and vault maps discovered:
D:1:      dpeg_arrival_stonehenge_8_columns, layout_basic, minmay_quantized
D:2:      layout_basic, minitemple, chequers_ecumenical_altar_simple_redux
D:3:      layout_loops_cross, old_standard_altar
D:4:      layout_basic, serial_shops, shop, chequers_big_river,
          grunt_ministairs_12, minmay_unequal
D:5:      layout_basic, basic_altar, first_ration, minmay_small_thing
D:6:      layout_cave_pools, minmay_temple_entry_stoned_glass,
          lemuel_statue_altar
D:7:      layout_basic, grunt_livestock
D:8:      layout_layer_cave, lemuel_crystal_altar, serial_shops, shop,
          bloody_makhleb
D:9:      layout_small_grid, enter_bailey_2
D:10:     layout_basic, lightli_church_of_beogh, uniq_snorg
D:11:     layout_long_grid, dpeg_oklobed_lair, orc_david_3, serial_shops,
          nicolae_shop_overgrown_old_shop
D:12:     layout_loops_ring
D:13:     layout_long_grid, basic_altar, grunt_ministairs_15
D:14:     layout_irregular_city, erik_vaults_1, gammafunk_ghost_grave,
          serial_shops, shop, bh_walls_and_bars
Temple:   eino_temple_rhombus
Orc:1:    layout_caves, nicolae_orc_flooded_monolith, led_sif_book

Skill      XL: |  1  2  3  4  5  6  7  8  9 10 11 12 |
---------------+-------------------------------------+-----
Stealth        | 3 4 5 6 7 9 11 12 14 | 14.4
Dodging        | 2 3 4 5 6 7 9 10 | 10.9
Fighting       | 3 4 5 6 7 |  7.8
Shields        | 2 3 5 6 8 9 10 | 10.7
Poison Magic   | 4 |  4.4
Conjurations   | 3 |  3.6
Spellcasting   | 3 |  3.3
Axes           | |  3.0
Unarmed Combat | |  1.0
Evocations     | |  1.1

Action                   |  1- 3 |  4- 6 |  7- 9 | 10-12 || total
-------------------------+-------+-------+-------+-------++-------
Melee: Hand axe          |    55 |    95 |   166 |   548 ||   864
       Constrict         |    11 |    23 |    37 |    77 ||   148
       Tentacles         |    11 |    11 |    27 |   149 ||   198
       Punch             |       |       |     1 |    10 ||    11
       War axe           |       |       |       |     9 ||     9
       Staff             |       |       |       |     3 ||     3
Throw: Stone             |       |     3 |       |       ||     3
       Dart              |       |       |    62 |    86 ||   148
Invok: Potion Petition   |       |       |     1 |     1 ||     2
       Call Merchant     |       |       |     1 |       ||     1
Evoke: Wand              |       |       |    15 |    20 ||    35
       Phial of floods   |       |       |       |     2 ||     2
       Box of beasts     |       |       |       |     4 ||     4
       Tin of tremorston |       |       |       |     2 ||     2
  Use: Potion            |     1 |       |     1 |     8 ||    10
       Scroll            |     2 |    10 |    13 |    15 ||    40
 Stab: Sleeping          |     9 |    18 |    17 |    21 ||    65
       Distracted        |     1 |       |     1 |     3 ||     5
  Eat: Chunk             |     1 |     8 |     4 |       ||    13
       Ration            |       |       |     4 |     8 ||    12
Armor: Skin              |    11 |    11 |    12 |    48 ||    82
Dodge: Dodged            |    27 |    37 |    80 |   285 ||   429
Block: Kite shield       |       |    15 |    68 |   141 ||   224
       Tower shield      |       |       |       |   323 ||   323

Table legend:
 A = Non-vault XP
 B = Vault XP
 C = Vault XP percentage of total XP
 D = Non-vault monster count
 E = Vault monster count
 F = Vault count percentage of total count
                 A         B        C        D         E       F
            +---------+---------+-------+---------+---------+-------
      Total |   25307 |    4819 |  16.0 |     314 |      57 |  15.4
            +---------+---------+-------+---------+---------+-------
        D:1 |      32 |       3 |   8.6 |      17 |       2 |  10.5
        D:2 |      57 |       0 |   0.0 |      21 |       0 |   0.0
        D:3 |     171 |       0 |   0.0 |      20 |       0 |   0.0
        D:4 |     256 |      45 |  15.0 |      20 |       5 |  20.0
        D:5 |     362 |      42 |  10.4 |      16 |       1 |   5.9
        D:6 |     635 |       0 |   0.0 |      17 |       0 |   0.0
        D:7 |     889 |     520 |  36.9 |      22 |       3 |  12.0
        D:8 |    1077 |       0 |   0.0 |      16 |       0 |   0.0
        D:9 |     568 |       0 |   0.0 |      13 |       0 |   0.0
       D:10 |    3440 |    1735 |  33.5 |      41 |      12 |  22.6
       D:11 |    4537 |     837 |  15.6 |      30 |       7 |  18.9
       D:12 |    5643 |       0 |   0.0 |      41 |       0 |   0.0
       D:13 |    4008 |     272 |   6.4 |      21 |       9 |  30.0
       D:14 |     532 |       0 |   0.0 |       3 |       0 |   0.0
      Orc:1 |    3100 |       0 |   0.0 |      16 |       0 |   0.0
     Bailey |       0 |    1365 | 100.0 |       0 |      18 | 100.0
            +---------+---------+-------+---------+---------+-------
